 Dungeon Crawl Stone Soup version 0.31-a0-177-g4aa6249778 (webtiles) character file.

Game seed: 18110340571979353090

266 qw the Shooter (level 6, 0/58 HPs)
             Began as a Naga Hunter on June 18, 2023.
             Slain by an orc
             ... wielding a +0 dagger
              (2 damage)
             ... on level 3 of the Dungeon.
             The game lasted 00:00:52 (2810 turns).

qw the Shooter (Naga Hunter)                        Turns: 2810, Time: 00:00:52

Health: 0/58       AC:  3    Str: 13    XL:     6   Next: 20%
Magic:  6/6        EV:  9    Int: 10    God:
Gold:   94         SH:  0    Dex: 16    Spells: 5/5 levels left

rFire   . . .        Y - +0 shortbow
rCold   . . .        (shield currently unavailable)
rNeg    . . .        c - +0 leather armour
rPois   +            (no helmet)
rElec   .            e - scarf {repulsion}
rCorr   .            (no gloves)
SInv    +            (no barding)
Will    .....        (no amulet)
Stlth   ++           (no ring)
HPRegen 0.29/turn    (no ring)
MPRegen 0.10/turn

%: repel missiles
@: short of breath, very slow
A: AC +2, large, see invisible, deformed body, poison resistance, slowness 2,
spit poison 1, naga tail 1
a: Spit Poison


You were on level 3 of the Dungeon.
You visited 1 branch of the dungeon, and saw 4 of its levels.

You collected 94 gold pieces.


Innate Abilities, Weirdness & Mutations

Your serpentine skin is tough. (AC +2)
You have supernaturally acute eyesight. (SInv)
Armour fits poorly on your strangely shaped body.
Your system is resistant to poisons. (rPois)
You cover ground very slowly.
You can spit poison.
You have a snake-like lower body.


   Skills:
 - Level 4.5 Fighting
 + Level 5.4 Ranged Weapons
 - Level 1.5 Dodging
 - Level 1.5 Stealth


You had 5 spell levels left.
You didn't know any spells.
Your spell library was empty.

Inventory:

Hand Weapons
 Y - a +0 shortbow (weapon)
Armour
 c - a +0 leather armour (worn)
 e - a scarf of repulsion (worn)
Scrolls
 b - 2 scrolls of identify
Potions
 f - a potion of might
 l - 2 potions of curing

Dungeon Overview and Level Annotations

Branches:
Dungeon (4/15)
 Temple: D:4-7

Altars:
Ashenzari
Wu Jian

Annotations:
D:2 1 runed translucent door, Crazy Yiuf
D:4 Pikel


Message History

The grasping roots release their grip on you.
2803 ||| STAIRDANCE The orc barely misses you.
The lemure hits you! The lemure hits you.
You climb upwards.
There is a stone staircase leading down here.
Enter note:
Enter note:
Enter note:
Enter note:
Enter note:
Enter note:
Enter note:
Enter note:
Enter note: You shoot an arrow.
The arrow closely misses the lemure.
You have got your breath back.
The lemure barely misses you. The orc hits you with a +0 dagger.
The lemure hits you. The lemure barely misses you. The orc closely misses you.
The lemure hits you!
2806 ||| DRINKING potion of heal wounds.
You feel much better. The lemure hits you. The orc hits you but does no damage.
The lemure hits you.
2807 ||| INVOKING Spit Poison.
Aiming: Spit Poison (1% risk of failure)
Press: ? - help, Shift-Dir - straight line, f/p - lemure The splash of poison misses the lemure.
The lemure hits you. The orc hits you with a +0 dagger.
The lemure barely misses you.
You shoot an arrow. The arrow hits the lemure!
The lemure is heavily wounded.
The lemure closely misses you. The orc hits you with a +0 dagger.
The lemure hits you.
You shoot an arrow. The arrow barely misses the lemure.
The lemure completely misses you. The orc closely misses you.
The lemure hits you!
You shoot an arrow.
The arrow hits the lemure but does no damage.
The lemure is heavily wounded.
The lemure hits you. The orc hits you with a +0 dagger.
You die...

.#....?.......###...##.....##....
....................###...###.#..
.#.....................#### ####.
##......#..............# ##
##.....................# #
####..#...............#
#.##...............#
#.#####......5.....# #.#
##....@......# #.# #...5o......#
###.### #...........# #.!...#
###.#######.# #.....# #.#######.#
#.....# #.......#.### ##.....#
#######.....# #....### #.....#
#....# #.....#


You could see 2 lemures and an orc.

Vanquished Creatures
  Sigmund (D:2)
  5 adders
  A worm (D:3)
  2 dart slugs (D:2)
  An orc (D:3)
  6 ball pythons
  4 endoplasms
  4 giant cockroaches
  6 goblins
  6 jackals
  5 kobolds
  3 quokkas
  7 bats
  11 frilled lizards
  3 rats
65 creatures vanquished.

Notes
Turn   | Place    | Note
-------+----------+-------------------------------------------
     0 | D:1      | qw the Naga Hunter began the quest for the Orb.
     0 | D:1      | Reached XP level 1. HP: 19/19 MP: 1/1
     0 | D:1      | 0 ||| qw: Version: 0.3-a-5-g6f28e65
     0 | D:1      | 0 ||| qw: Game counter: 568
     0 | D:1      | 0 ||| qw: Always use a shield: true
     0 | D:1      | 0 ||| qw: God list: Okawaru
     0 | D:1      | 0 ||| qw: Allow faded altars: false
     0 | D:1      | 0 ||| qw: Do Orc after D:15 true
     0 | D:1      | 0 ||| qw: Do second Lair branch before Depths: true
     0 | D:1      | 0 ||| qw: Lair rune preference: random
     0 | D:1      | 0 ||| qw: Plans: Normal
     0 | D:1      | 0 ||| PLANNING D:1-11
    30 | D:1      | 30 ||| INVOKING Spit Poison.
    49 | D:1      | You fall into a shaft and drop 1 floor!
    68 | D:2      | 68 ||| INVOKING Spit Poison.
    73 | D:2      | 73 ||| INVOKING Spit Poison.
    75 | D:2      | Reached skill level 4 in Ranged Weapons
    75 | D:2      | Reached XP level 2. HP: 19/26 MP: 2/2
   114 | D:2      | 114 ||| INVOKING Spit Poison.
   119 | D:2      | 119 ||| INVOKING Spit Poison.
   144 | D:2      | 144 ||| INVOKING Spit Poison.
   150 | D:2      | 150 ||| INVOKING Spit Poison.
   164 | D:2      | 164 ||| DROPPING scroll of butterflies.
   169 | D:2      | 169 ||| FLEEEEING.
   170 | D:2      | 170 ||| STAIRDANCE
   172 | D:1      | 172 ||| INVOKING Spit Poison.
   182 | D:1      | 182 ||| INVOKING Spit Poison.
   213 | D:1      | 213 ||| INVOKING Spit Poison.
   217 | D:1      | 217 ||| INVOKING Spit Poison.
   296 | D:1      | 296 ||| INVOKING Spit Poison.
   304 | D:1      | 304 ||| INVOKING Spit Poison.
   305 | D:1      | Reached XP level 3. HP: 32/32 MP: 3/3
   321 | D:1      | 321 ||| INVOKING Spit Poison.
   332 | D:1      | 332 ||| INVOKING Spit Poison.
   354 | D:1      | 354 ||| INVOKING Spit Poison.
   355 | D:1      | 355 ||| INVOKING Spit Poison.
   469 | D:1      | 469 ||| INVOKING Spit Poison.
   896 | D:1      | Found a faded altar of an unknown god.
  1014 | D:1      | 1014 ||| DROPPING scarf of harm.
  1015 | D:1      | 1015 ||| DROPPING ring of wizardry.
  1016 | D:1      | 1016 ||| READING scroll labelled TELI NEOMISHRUG.
  1017 | D:1      | 1017 ||| READING scroll labelled XOUMOE CEXOTAM.
  1018 | D:1      | 1018 ||| READING scroll labelled GAS DOCAUKLI.
  1022 | D:1      | 1022 ||| READING scroll labelled LULIRCH TOERE.
  1023 | D:1      | 1023 ||| READING scroll labelled PID MU LELELLA.
  1024 | D:1      | 1024 ||| DRINKING 3 viscous black potions.
  1047 | D:1      | 1047 ||| DROPPING 2 potions of lignification.
  1111 | D:2      | 1111 ||| INVOKING Spit Poison.
  1191 | D:2      | 1191 ||| INVOKING Spit Poison.
  1192 | D:2      | 1192 ||| INVOKING Spit Poison.
  1196 | D:2      | 1196 ||| INVOKING Spit Poison.
  1202 | D:2      | 1202 ||| INVOKING Spit Poison.
  1251 | D:2      | 1251 ||| STAIRDANCE
  1300 | D:2      | 1300 ||| INVOKING Spit Poison.
  1307 | D:2      | 1307 ||| INVOKING Spit Poison.
  1308 | D:2      | 1308 ||| INVOKING Spit Poison.
  1446 | D:2      | 1446 ||| INVOKING Spit Poison.
  1448 | D:2      | Reached skill level 5 in Ranged Weapons
  1457 | D:2      | Found a runed translucent door.
  1458 | D:2      | Noticed Crazy Yiuf
  1564 | D:2      | Noticed Sigmund
  1565 | D:2      | 1565 ||| INVOKING Spit Poison.
  1570 | D:2      | Killed Sigmund
  1571 | D:2      | Reached XP level 4. HP: 14/45 MP: 4/4
  1571 | D:2      | Reached XP level 5. HP: 16/51 MP: 5/5
  1785 | D:2      | 1785 ||| INVOKING Spit Poison.
  1967 | D:2      | 1967 ||| READING scroll labelled XEFAPA OTAHAXIXT.
  1968 | D:2      | 1968 ||| DRINKING 3 fuming coppery potions.
  1969 | D:2      | 1969 ||| DROPPING 2 potions of attraction.
  2076 | D:3      | 2076 ||| INVOKING Spit Poison.
  2081 | D:3      | 2081 ||| INVOKING Spit Poison.
  2085 | D:3      | 2085 ||| INVOKING Spit Poison.
  2091 | D:3      | 2091 ||| INVOKING Spit Poison.
  2093 | D:3      | Reached XP level 6. HP: 37/58 MP: 6/6
  2168 | D:3      | Identified the +7 whip "Niaroxil" {heavy, +Blink rC+ Str+3
                  | Dex-5}
  2213 | D:3      | 2213 ||| INVOKING Spit Poison.
  2225 | D:3      | 2225 ||| INVOKING Spit Poison.
  2229 | D:3      | 2229 ||| INVOKING Spit Poison.
  2254 | D:3      | 2254 ||| INVOKING Spit Poison.
  2260 | D:3      | 2260 ||| INVOKING Spit Poison.
  2279 | D:3      | Found a broken altar of Ashenzari.
  2312 | D:3      | 2312 ||| INVOKING Spit Poison.
  2323 | D:3      | 2323 ||| INVOKING Spit Poison.
  2326 | D:3      | 2326 ||| INVOKING Spit Poison.
  2368 | D:3      | 2368 ||| INVOKING Spit Poison.
  2405 | D:3      | 2405 ||| INVOKING Spit Poison.
  2475 | D:3      | 2475 ||| INVOKING Spit Poison.
  2478 | D:3      | 2478 ||| INVOKING Spit Poison.
  2540 | D:3      | Found an ornate altar of the Wu Jian Council.
  2662 | D:3      | 2662 ||| UPGRADING to scarf of repulsion.
  2667 | D:3      | 2667 ||| DRINKING 2 smoky emerald potions.
  2668 | D:3      | 2668 ||| DRINKING 3 amethyst potions.
  2669 | D:3      | 2669 ||| DRINKING 2 smoky brown potions.
  2774 | D:3      | 2774 ||| READING 4 scrolls of identify.
  2774 | D:3      | 2774 ||| IDENTIFYING puce potion
  2775 | D:3      | 2775 ||| READING 3 scrolls of identify.
  2775 | D:3      | 2775 ||| IDENTIFYING white potion
  2776 | D:3      | 2776 ||| DROPPING potion of ambrosia.
  2777 | D:3      | 2777 ||| DROPPING potion of berserk rage.
  2795 | D:4      | Noticed Pikel
  2797 | D:4      | 2797 ||| INVOKING Spit Poison.
  2801 | D:4      | 2801 ||| INVOKING Spit Poison.
  2803 | D:4      | 2803 ||| STAIRDANCE
  2805 | D:3      | HP: 11/58 [lemure[Pikel] (6)]
  2805 | D:3      | HP: 4/58 [lemure[Pikel] (7)]
  2806 | D:3      | 2806 ||| DRINKING potion of heal wounds.
  2807 | D:3      | 2807 ||| INVOKING Spit Poison.
  2810 | D:3      | HP: 2/58 [lemure[Pikel] (4)]
  2810 | D:3      | Slain by an orc

Levels and vault maps discovered:
D:1:      dpeg_arrival_connections, layout_loops_corners,
          shapermc_ecumenical_altar_mp_vishouse, minmay_tiny_reverse_x
D:2:      layout_basic, minmay_lizard_king, uniq_sigmund,
          uniq_crazy_yiuf_cottage
D:3:      layout_rooms, nzn_wu_jian_council_hall, ashenzari_conservatory_becter,
          wad_floor_pattern_untrapped, saegor_snake_ambush
D:4:      minmay_chambers_of_threes, layout_gridville, lemuel_tele_altar,
          kiku_gazebo_garden_becter, uniq_blork_the_orc, uniq_ijyb,
          uniq_duvessa, uniq_pikel

Skill      XL: |  1  2  3 |
---------------+----------+-----
Ranged Weapons | 4 5 |  5.4
Fighting       | 4 |  4.5
Dodging        | |  1.5
Stealth        | |  1.5

Action                     |  1- 3 |  4- 6 || total
---------------------------+-------+-------++-------
   Fire: Shortbow          |    69 |    53 ||   122
Ability: Spit Poison       |    25 |    20 ||    45
    Use: Scroll            |     5 |     3 ||     8
         Potion            |     1 |     5 ||     6
 Armour: Leather armour    |    10 |    13 ||    23
  Dodge: Dodged            |    32 |    16 ||    48

Table legend:
 A = Non-vault XP
 B = Vault XP
 C = Vault XP percentage of total XP
 D = Non-vault monster count
 E = Vault monster count
 F = Vault count percentage of total count
                 A         B        C        D         E       F
            +---------+---------+-------+---------+---------+-------
      Total |     126 |     255 |  66.9 |      51 |      14 |  21.5
            +---------+---------+-------+---------+---------+-------
        D:1 |      23 |       4 |  14.8 |      15 |       2 |  11.8
        D:2 |      55 |     221 |  80.1 |      22 |       8 |  26.7
        D:3 |      48 |      30 |  38.5 |      14 |       4 |  22.2
            +---------+---------+-------+---------+---------+-------
